 Dungeon Crawl Stone Soup version 0.22-a0-398-g8bb545f (webtiles) character file.

25093 theclanless the Covert (level 13, -22/120 HPs)
             Began as a Naga Fighter on May 4, 2018.
             Was the Champion of Cheibriados.
             Engulfed by a cloud of freezing vapour (54 damage)
             ... in an ice cave.
             The game lasted 00:47:02 (11497 turns).

theclanless the Covert (Naga Fighter)              Turns: 11497, Time: 00:47:02

Health: -22/120    AC: 19    Str: 37    XL:     13   Next: 17%
Magic:  19/19      EV: 28    Int: 30    God:    Cheibriados [******]
Gold:   764        SH: 16    Dex: 29    Spells: 8/12 levels left

rFire    + . .     SeeInvis +   a - +3 broad axe (flame)
rCold    . . .     Gourm    .   c - +2 shield
rNeg     . . .     Faith    .   I - +1 scale mail {rPois}
rPois    +         Spirit   .   V - +0 helmet
rElec    .         Reflect  .   h - +0 cloak
rCorr    .         Harm     .   m - +0 pair of gloves
MR       +....                  Q - +0 naga barding "Likyeczi" {rF+ Str+2}
Stlth    ++++......             R - amulet of the acrobat
HPRegen  0.30/turn              T - +3 ring of intelligence
MPRegen  0.16/turn              J - +3 ring of dexterity

@: acrobat, very slow
A: large, see invisible, deformed body, poison resistance, slowness 2, slow
metabolism 1, spit poison 1, constrict 1, AC +4
a: Spit Poison, Bend Time, Temporal Distortion, Slouch, Step From Time, Renounce
Religion


You were in an ice cave.
You worshipped Cheibriados.
Cheibriados was exalted by your worship.
You were hungry.

You visited 2 branches of the dungeon, and saw 13 of its levels.
You also visited: Ice Cave.

You collected 834 gold pieces.
You spent 44 gold pieces at shops.
You donated 26 gold pieces to Zin.

Inventory:

Hand Weapons
 a - a +3 broad axe of flaming (weapon)
 k - a +0 hunting sling
 s - a +2 dagger of venom
 w - a +4 hand axe of electrocution
 C - a +2 demon blade of venom
 F - a +2 demon trident of freezing
Missiles
 j - 389 stones
 l - 16 tomahawks (quivered)
 o - 5 throwing nets
 q - 118 sling bullets
Armour
 c - a +2 shield (worn)
 h - a +0 cloak (worn)
 m - a +0 pair of gloves (worn)
 I - a +1 scale mail of poison resistance (worn)
 Q - the +0 naga barding "Likyeczi" (worn) {rF+ Str+2}
   (You acquired it on level 8 of the Dungeon)

   It affects your strength (+2).
   It protects you from fire.
 U - +0 steam dragon scales
 V - a +0 helmet (worn)
 W - the +1 robe "Mass" {+Blink rElec rC- rN++}
   (You found it on level 11 of the Dungeon)

   It makes you vulnerable to cold.
   It insulates you from electricity.
   It greatly protects you from negative energy.
   It lets you blink.
Jewellery
 g - an uncursed ring of flight
 A - an uncursed amulet of guardian spirit
 J - a +3 ring of dexterity (right hand)
 R - an amulet of the acrobat (around neck)
 S - an uncursed ring of wizardry
 T - a +3 ring of intelligence (left hand)
Wands
 r - a wand of flame (35)
 u - a wand of enslavement (10)
 y - a wand of paralysis (27)
 B - a wand of iceblast (8)
 P - a wand of digging (16)
Scrolls
 b - 3 scrolls of fog
 p - 3 scrolls of fear
 z - 3 scrolls of teleportation
 L - a scroll of amnesia
 N - a scroll of remove curse
Potions
 d - a potion of might
 e - 5 potions of curing
 i - a potion of degeneration {unknown}
 n - a potion of brilliance
 t - a potion of agility {unknown}
 x - a potion of resistance {unknown}
 D - a potion of invisibility
 E - a potion of heal wounds
 G - a potion of lignification
 H - a potion of flight {unknown}
 M - a potion of cancellation
Miscellaneous
 v - a phial of floods
Comestibles
 f - 27 rations


   Skills:
 * Level 8.9 Fighting
 * Level 8.8 Axes
 * Level 7.6 Armour
 * Level 7.7 Dodging
 + Level 11.1 Stealth
 * Level 7.7 Shields
 * Level 8.7 Invocations


You had 8 spell levels left.
You knew the following spells:

 Your Spells              Type           Power        Failure   Level  Hunger
a - Animate Skeleton      Necr           N/A          22%         1    ##.....
s - Song of Slaying       Chrm           #.......     32%         2    ###....
z - Infusion              Chrm           #...         22%         1    ##.....


Dungeon Overview and Level Annotations

Branches:
Dungeon (12/15)            Temple (1/1) D:5            Lair (0/6) D:10
    Orc (0/2) D:12

Altars:
Ashenzari
Cheibriados
Dithmenos
Elyvilon
Fedhas
Gozag
Hepliaklqana
Kikubaaqudgha
Makhleb
Nemelex Xobeh
Okawaru
Qazlal
Ru
Sif Muna
Trog
Uskayaw
Vehumet
Wu Jian
Xom
Yredelemnul
Zin
The Shining One

Shops:
D:4 (


Innate Abilities, Weirdness & Mutations

You cannot wear boots.
Your serpentine skin is tough. (AC +4)
You have supernaturally acute eyesight. (SInv)
Armour fits poorly on your strangely shaped body.
Your system is resistant to poisons. (rPois)
You cover ground very slowly.
You have a slow metabolism.
You can spit poison.
You can use your snake-like lower body to constrict enemies.


Message History

You slash the ice devil! You burn the ice devil. You grab the ice devil.
The ice devil is moderately wounded.
You are engulfed in freezing vapours.
* * * LOW HITPOINT WARNING * * *
You constrict the ice devil.
The ice devil hits you but does no damage.
Unknown command.
You feel much better.
You are engulfed in freezing vapours.
You constrict the ice devil!
The ice devil hits you but does no damage.
You slice the ice devil!! You burn the ice devil!
You kill the ice devil!
Cheibriados thoroughly appreciates the change of pace.
You are engulfed in freezing vapours.
* * * LOW HITPOINT WARNING * * *
Unknown command.
You enter the shallow water.
Moving in this stuff is going to be slow.
You are engulfed in freezing vapours.
You die...

#...##..#.#.....#.§##
#...##.§#.##....§§##[.
#...#§§§#§.###..§.#
...
##.##§§§§...§#...##
... ##.#§§§§..§.§#...#
#.. #..#§§####.§.#...#
##.#
#..§§.§§§.§.§....#
#..#
#..#§§§§§.≈.§.#..#
#...
##.#§#@§#.#§§##.##
#... ##.###§§#§##.#..#
#..# #...#..##§§#§...#
##..#
#...##.#§§4##..##
#...# #...#### §§§ §§
#..## ##### §§4§§#
##...# §§§§.# #...##
##..## #....##


There were no monsters in sight!

Vanquished Creatures
  The ghost of drugrobin the Quickloader, a journeyman DgHu (D:9)
  The ghost of garrulousMonolith the Cleaver, a journeyman MiBe of Trog (D:11)
  Harold (D:11)
  A hydra (D:8)
  A centaur warrior (D:10)
  2 two-headed ogres
  3 unseen horrors
  Pikel (D:5)
  3 ugly things (D:11)
  A centaur zombie (D:11)
  Psyche (D:8)
  2 ice statues (IceCv)
  A gargoyle (D:11)
  9 ice devils
  3 trolls
  A hornet (D:8)
  Prince Ribbit (D:6)
  2 dream sheep (D:8)
  4 hippogriffs
  A shadow (D:9)
  A wyvern (D:9)
  Sigmund (D:6)
  9 yaks
  Grum (D:10)
  2 steam dragons (D:11)
  3 hungry ghosts
  Edmund (D:6)
  An acid dragon (D:11)
  A black bear (D:7)
  A slave (D:5)
  7 orc warriors
  7 sky beasts
  2 phantoms
  An eye of draining (D:10)
  7 ogres
  5 ice beasts
  14 centaurs
  4 wolves (D:10)
  7 big kobolds
  10 bullfrogs
  5 jellies
  3 wyvern skeletons
  3 scorpions
  11 killer bees (D:9)
  5 howler monkeys
  4 wights (D:7)
  4 electric eels (D:10)
  A bullfrog zombie (D:10)
  9 crimson imps
  8 hounds
  A quasit (D:10)
  Crazy Yiuf (D:2)
  A gnoll shaman (D:4)
  5 orc priests
  8 orc wizards
  3 bullfrog skeletons (D:4)
  3 iguanas
  Terence (D:2)
  12 worker ants
  A killer bee zombie (D:10)
  2 worker ant zombies (D:6)
  5 gnolls
  16 adders
  A howler monkey skeleton (D:7)
  3 shadow imps
  6 white imps (IceCv)
  9 ufetubi (IceCv)
  An adder skeleton (D:7)
  3 worms
  4 dart slugs (D:1)
  A leopard gecko (D:4)
  39 orcs
  8 giant cockroaches
  14 goblins
  7 hobgoblins
  16 jackals
  3 quokkas
  5 bats
  4 frilled lizards
  23 kobolds
  A leopard gecko skeleton (D:4)
  A quokka skeleton (D:6)
  8 rats
394 creatures vanquished.

Vanquished Creatures (others)
  A reaper (IceCv)
  3 white imps (IceCv)
  2 ufetubi (IceCv)
  An orc (D:5)
  A bat (D:3)
  A kobold (D:3)
9 creatures vanquished.

Grand Total: 403 creatures vanquished

Notes
Turn   | Place    | Note
-------+----------+-------------------------------------------
     0 | D:1      | theclanless the Naga Fighter began the quest for the Orb.
     0 | D:1      | Reached XP level 1. HP: 21/21 MP: 1/1
     6 | D:1      | Noticed a yaktaur
     6 | D:1      | Noticed a soldier ant
     6 | D:1      | Noticed an iguana
   138 | D:1      | Reached XP level 2. HP: 28/28 MP: 2/2
   390 | D:1      | Reached skill level 1 in Stealth
   390 | D:1      | Reached XP level 3. HP: 34/34 MP: 3/3
   800 | D:2      | Reached skill level 1 in Dodging
   828 | D:2      | Reached XP level 4. HP: 37/42 MP: 4/4
  1020 | D:2      | Reached XP level 5. HP: 47/49 MP: 5/5
  1226 | D:2      | Found a runed door.
  1540 | D:2      | Noticed Terence
  1547 | D:2      | Killed Terence
  1547 | D:2      | Reached skill level 2 in Stealth
  1765 | D:2      | Noticed Crazy Yiuf
  1774 | D:2      | Killed Crazy Yiuf
  1860 | D:3      | Reached XP level 6. HP: 19/56 MP: 6/6
  2619 | D:3      | Noticed an angel
  2621 | D:3      | Found a shimmering altar of Xom.
  2623 | D:3      | Found a glowing silver altar of Zin.
  2638 | D:3      | Became a worshipper of Zin the Law-Giver
  2638 | D:3      | Reached * piety under Zin
  2976 | D:4      | Reached XP level 7. HP: 31/63 MP: 7/7
  3057 | D:4      | Found a blossoming altar of Fedhas.
  3074 | D:4      | Reached skill level 3 in Stealth
  3156 | D:4      | Got a creamy pearl robe
  3194 | D:4      | Reached skill level 1 in Invocations
  3210 | D:4      | Reached ** piety under Zin
  3290 | D:4      | Found a glowing golden altar of the Shining One.
  3290 | D:4      | Found a snail-covered altar of Cheibriados.
  3303 | D:4      | Fell from the grace of Zin
  3303 | D:4      | Became a worshipper of Cheibriados the Contemplative
  3456 | D:4      | Found Kamomun's Weapon Boutique.
  3464 | D:4      | Bought a +0 broad axe for 44 gold pieces
  3520 | D:4      | Reached XP level 8. HP: 72/72 MP: 9/9
  3724 | D:5      | Entered Level 5 of the Dungeon
  4026 | D:5      | Reached skill level 4 in Stealth
  4028 | D:5      | Reached * piety under Cheibriados
  4245 | D:5      | Found an iron altar of Okawaru.
  4342 | D:5      | Noticed Pikel
  4362 | D:5      | Killed Pikel
  4417 | D:5      | Found a staircase to the Ecumenical Temple.
  4423 | Temple   | Entered the Ecumenical Temple
  4628 | D:6      | Reached skill level 5 in Stealth
  4744 | D:6      | Noticed Sigmund
  4757 | D:6      | Killed Sigmund
  4757 | D:6      | Reached XP level 9. HP: 75/79 MP: 9/11
  4799 | D:6      | Noticed Edmund
  4815 | D:6      | Killed Edmund
  4858 | D:6      | Identified the cursed +1 robe "Heuzal" {MR+} (You found it on level 4 of the Dungeon)
  4953 | D:6      | Noticed Prince Ribbit
  5083 | D:6      | Killed Prince Ribbit
  5083 | D:6      | Reached skill level 5 in Armour
  5083 | D:6      | Reached skill level 5 in Shields
  5284 | D:6      | Found a white marble altar of Elyvilon.
  5507 | D:7      | Reached skill level 5 in Fighting
  5507 | D:7      | Reached skill level 6 in Stealth
  5512 | D:7      | Reached ** piety under Cheibriados
  5563 | D:7      | Reached skill level 5 in Axes
  5665 | D:7      | Reached skill level 5 in Dodging
  5819 | D:7      | Reached XP level 10. HP: 86/88 MP: 11/13
  5853 | D:7      | Reached skill level 7 in Stealth
  5908 | D:7      | Reached *** piety under Cheibriados
  6232 | D:8      | Found an ancient bone altar of Kikubaaqudgha.
  6401 | D:8      | Noticed Psyche
  6411 | D:8      | Killed Psyche
  6611 | D:8      | Reached **** piety under Cheibriados
  6641 | D:8      | Reached skill level 8 in Stealth
  6965 | D:8      | Identified a scroll of acquirement
  6966 | D:8      | Got a polished naga barding
  6972 | D:8      | Identified the +0 naga barding "Likyeczi" {rF+ Str+2} (You acquired it on level 8 of the Dungeon)
  6985 | D:8      | Reached skill level 5 in Invocations
  7020 | D:8      | Noticed a three-headed hydra
  7026 | D:8      | Killed a one-headed hydra
  7026 | D:8      | Reached skill level 9 in Stealth
  7026 | D:8      | Reached XP level 11. HP: 72/99 MP: 13/15
  7336 | D:9      | Noticed drugrobin's ghost (journeyman DgHu)
  7407 | D:9      | Killed drugrobin's ghost
  7558 | D:9      | Noticed a two-headed ogre
  7567 | D:9      | Killed a two-headed ogre
  7821 | D:9      | Reached ***** piety under Cheibriados
  8222 | D:10     | Entered Level 10 of the Dungeon
  8273 | D:10     | Noticed a centaur warrior
  8280 | D:10     | Killed a centaur warrior
  8291 | D:10     | Noticed a two-headed ogre
  8295 | D:10     | Killed a two-headed ogre
  8295 | D:10     | Reached skill level 10 in Stealth
  8327 | D:10     | Identified the Compendium of Unholy Flames
  8333 | D:10     | Learned a level 1 spell: Animate Skeleton
  8384 | D:10     | Noticed Grum
  8390 | D:10     | Killed Grum
  8495 | D:10     | Reached XP level 12. HP: 110/110 MP: 8/17
  8676 | D:10     | Found a staircase to the Lair.
  8681 | D:10     | Reached ****** piety under Cheibriados
  9902 | D:11     | Noticed garrulousMonolith's ghost (journeyman MiBe)
  9916 | D:11     | Killed garrulousMonolith's ghost
 10079 | D:11     | Noticed Harold
 10104 | D:11     | Killed Harold
 10277 | D:11     | Got an ominously black robe
 10288 | D:11     | Identified the +1 robe "Mass" {+Blink rElec rC- rN++} (You found it on level 11 of the Dungeon)
 10572 | D:12     | Found a frozen archway.
 10578 | D:12     | Gained mutation: You can use your snake-like lower body to constrict enemies. [Naga growth]
 10578 | D:12     | Reached XP level 13. HP: 100/118 MP: 19/19
 10582 | D:12     | Reached skill level 11 in Stealth
 10586 | IceCv    | Entered an ice cave
 10825 | IceCv    | Killed a reaper
 11455 | IceCv    | Learned a level 2 spell: Song of Slaying
 11457 | IceCv    | Learned a level 1 spell: Infusion
 11497 | IceCv    | Engulfed by a cloud of freezing vapour

Vault maps used:
D:1:      onia_arrival_zoo_common, minmay_misc_feat_doors
D:2:      mrwooster_statue_mirror, uniq_terence, uniq_crazy_yiuf_cottage
D:3:      grunt_temple_overflow_order_and_chaos_1
D:4:      overflow_temple_1_default, grunt_temple_overflow_open, serial_shops,
          nicolae_shop_trees, skrybe_limestone_x
D:5:      okawaru_gym_becter, minmay_temple_entry_hall, first_ration,
          dk_vineyard_2, amethyst_killhole, uniq_pikel
D:6:      basic_altar, uniq_prince_ribbit1, uniq_edmund, uniq_sigmund
D:7:      grunt_potential
D:8:      lemuel_doored_altar, hangedman_ranch, uniq_psyche
D:9:      grunt_ministairs_13
D:10:     minmay_the_grid_triangle_9x9_recursive_2_mashed, erik_lair_island,
          uniq_grum
D:11:     kennysheep_kite_vault, uniq_harold
D:12:     orc_0_dummy, portal_ice_cave_demonic_guard, hangedman_tree_tricks
Temple:   minmay_freezing_vapour_temple
IceCv:    ice_cave_small_demon

Skill      XL: |  1  2  3  4  5  6  7  8  9 10 11 12 13 |
---------------+----------------------------------------+-----
Stealth        | 1 2 3 5 6 9 10 11 | 11.1
Dodging        | 1 2 3 5 6 7 |  7.7
Armour         | 3 4 5 6 7 |  7.6
Shields        | 3 4 5 6 7 |  7.7
Axes           | 3 4 5 6 7 8 |  8.8
Invocations    | 1 2 4 5 7 8 |  8.7
Fighting       | 4 5 6 7 8 |  8.9

Action                   |  1- 3 |  4- 6 |  7- 9 | 10-12 | 13-15 || total
-------------------------+-------+-------+-------+-------+-------++-------
Melee: War axe           |     8 |    92 |   293 |    29 |       ||   422
       Hand axe          |    45 |    81 |       |    44 |       ||   170
       Dagger            |       |       |     1 |       |       ||     1
       Broad axe         |       |       |       |   486 |    51 ||   537
       Constrict         |       |       |       |       |    12 ||    12
Throw: Tomahawk          |       |     1 |     5 |    22 |       ||    28
Invok: Recite            |       |     1 |     1 |       |       ||     2
       Bend Time         |       |       |     2 |       |       ||     2
       Slouch            |       |       |       |     4 |       ||     4
 Abil: Spit Poison       |    30 |    23 |    25 |    22 |       ||   100
Evoke: Wand              |       |       |     7 |     2 |       ||     9
  Use: Scroll            |     2 |     7 |     9 |     9 |       ||    27
       Potion            |       |       |       |       |     2 ||     2
 Stab: Sleeping          |       |       |     3 |    19 |     4 ||    26
       Distracted        |       |       |       |     3 |       ||     3
  Eat: Chunk             |     1 |     6 |     7 |    18 |       ||    32
       Ration            |       |     1 |       |       |       ||     1
Armor: Scale mail        |    22 |    70 |   151 |   208 |    12 ||   463
Dodge: Dodged            |    13 |    50 |    94 |   257 |    16 ||   430
Block: Shield            |    28 |    85 |   179 |   461 |    33 ||   786

Table legend:
 A = Spawn XP
 B = Non-spawn XP
 C = Spawn XP percentage of total XP
 D = Spawn monster count
 E = Non-spawn monster count
 F = Spawn count percentage of total count
 G = Total turns spent on level
                    A         B        C        D         E        F      G
               +---------+---------+-------+---------+---------+-------+---------
         Total |       0 |   35848 |   0.0 |       0 |     394 |   0.0 | 11497
               +---------+---------+-------+---------+---------+-------+---------
           D:1 |       0 |      44 |   0.0 |       0 |      21 |   0.0 |   718
           D:2 |       0 |     241 |   0.0 |       0 |      31 |   0.0 |  1118
           D:3 |       0 |     285 |   0.0 |       0 |      31 |   0.0 |  1101
           D:4 |       0 |     681 |   0.0 |       0 |      29 |   0.0 |   787
           D:5 |       0 |     855 |   0.0 |       0 |      10 |   0.0 |   868
           D:6 |       0 |    1162 |   0.0 |       0 |      15 |   0.0 |   859
           D:7 |       0 |    1927 |   0.0 |       0 |      32 |   0.0 |   761
           D:8 |       0 |    4974 |   0.0 |       0 |      46 |   0.0 |  1061
           D:9 |       0 |    4108 |   0.0 |       0 |      53 |   0.0 |   931
          D:10 |       0 |    6512 |   0.0 |       0 |      50 |   0.0 |  1173
          D:11 |       0 |    9728 |   0.0 |       0 |      43 |   0.0 |  1131
          D:12 |       0 |    2045 |   0.0 |       0 |       9 |   0.0 |    60
         IceCv |       0 |    3286 |   0.0 |       0 |      24 |   0.0 |   911
               +---------+---------+-------+---------+---------+-------+---------
